 Dungeon Crawl Stone Soup version 0.23-a0-642-g3120c2f (webtiles) character file.

59 Azzok the Firebug (level 3, 0/24 HPs)
             Began as a Demonspawn Fire Elementalist on Dec 30, 2018.
             Succumbed to a worker ant's poison
             ... on level 2 of the Dungeon.
             The game lasted 00:01:51 (1338 turns).

Azzok the Firebug (Demonspawn Fire Elementalist)    Turns: 1338, Time: 00:01:52

Health: 0/24       AC:  5    Str:  8    XL:     3   Next: 78%
Magic:  3/7        EV: 12    Int: 17    God:
Gold:   98         SH:  0    Dex: 13    Spells: 6/7 levels left

rFire    . . .     SeeInvis .   d - +2 whip (flame)
rCold    . . .     Gourm    .   (no shield)
rNeg     . . .     Faith    .   a - +0 robe
rPois    .         Spirit   .   (no helmet)
rElec    .         Reflect  .   (no cloak)
rCorr    .         Harm     .   k - +0 pair of gloves
MR       .....                  m - +1 pair of boots
Stlth    ++........             (no amulet)
HPRegen  0.08/turn              (no ring)
MPRegen  0.10/turn              (no ring)

@: lethally poisoned (0 -> -3), berserk cooldown, very slightly contaminated,
slowed, invisible, very slow
A: talons 1
a: no special abilities


You were on level 2 of the Dungeon.
You were not hungry.

You visited 1 branch of the dungeon, and saw 2 of its levels.

You collected 98 gold pieces.

Inventory:

Hand Weapons
 d - a +2 whip of flaming (weapon)
Armour
 a - a +0 robe (worn)
 k - a +0 pair of gloves (worn)
 m - a +1 pair of boots (worn)
Scrolls
 e - a scroll of enchant weapon {unknown}
 g - a scroll of magic mapping {unknown}
 h - 2 scrolls of blinking {unknown}
 j - a scroll of fear {unknown}
 l - a scroll of identify {unknown}
Comestibles
 b - a chunk of flesh
 c - 2 rations


   Skills:
 - Level 1.7 Dodging
 - Level 1.7 Stealth
 + Level 2.7 Spellcasting
 + Level 2.2 Conjurations
 + Level 3.3 Fire Magic


You had 6 spell levels left.
You knew the following spells:

 Your Spells              Type           Power        Failure   Level  Hunger
a - Flame Tongue          Conj/Fire      ##...        6%          1    #......

Your spell library contained the following spells:

 Spells                   Type           Power        Failure   Level  Hunger
 Throw Flame              Conj/Fire      ##....       9%          2    ##.....
 Conjure Flame            Conj/Fire      ##......     17%         3    ###....
 Inner Flame              Hex/Fire       #.......     26%         3    ###....
 Sticky Flame             Conj/Fire      ##......     50%         4    #####..
 Fireball                 Conj/Fire      ##........   85%         5    ######.


Dungeon Overview and Level Annotations

Branches:
Dungeon (2/15)

Altars:


Innate Abilities, Weirdness & Mutations

You have sharp toenails.


Message History

You feel sick.
There is a lethal amount of poison in your body!
There is a lethal amount of poison in your body!
There is a lethal amount of poison in your body!
* * * LOW HITPOINT WARNING * * *
You feel sick.
You see here a worker ant corpse.
You butcher the worker ant corpse.
* * * LOW HITPOINT WARNING * * *
You feel sick.
You see here 3 chunks of flesh.
* * * LOW HITPOINT WARNING * * *
You feel sick.
* * * LOW HITPOINT WARNING * * *
You feel sick.
* * * LOW HITPOINT WARNING * * *
You feel sick.
* * * LOW HITPOINT WARNING * * *
You feel sick.
You die...

▒· ···▒ ▒·▒
▒▒▒▒▒·▒▒▒·▒▒▒▒·▒▒▒▒▒
▒···············▒▒··
▒▒·▒▒·▒·····▒▒··▒▒··
▒· ▒·▒·▒···▒▒······
▒· ▒·▒···▒·▒▒▒·▒▒·▒
▒·▒▒·······▒ ▒·▒▒·▒
▒▒[····▒▒▒▒▒▒▒▒·▒▒)▒
▒<·@▒···········▒▒··
▒▒▒·▒··▒▒▒▒▒▒▒▒▒▒▒·▒
▒·▒<············>·
▒·▒·▒·▒▒▒▒▒▒▒▒▒··▒
▒·▒···········▒··▒
▒·▒▒▒·▒▒▒▒▒▒▒·▒▒·▒
▒▒·▒···▒ ▒·▒▒·▒
▒··▒·▒▒▒ ▒·▒▒·▒
▒·▒▒·▒ ▒·▒▒·▒


There were no monsters in sight!

Vanquished Creatures
  A worker ant (D:2)
  An adder (D:2)
  A dart slug (D:1)
  A leopard gecko (D:1)
  A giant cockroach (D:1)
  3 hobgoblins
  2 bats
  2 frilled lizards
  A goblin (D:2)
  8 kobolds
  5 rats (D:1)
26 creatures vanquished.

Notes
Turn   | Place    | Note
-------+----------+-------------------------------------------
     0 | D:1      | Azzok the Demonspawn Fire Elementalist began the quest for
                  | the Orb.
     0 | D:1      | Reached XP level 1. HP: 13/13 MP: 3/3
   206 | D:1      | Gained mutation: You have sharp toenails. [demonic
                  | ancestry]
   206 | D:1      | Reached XP level 2. HP: 19/19 MP: 3/5
   464 | D:1      | Reached skill level 3 in Fire Magic
  1101 | D:2      | Reached XP level 3. HP: 19/24 MP: 0/6
  1333 | D:2      | HP: 1/24 [poisoned by a worker ant]
  1338 | D:2      | Succumbed to a worker ant's poison

Vault maps used:
D:1:      lemuel_arrival_hallway, chequers_serial_rivers_micro_c,
          minmay_tromino_i2
D:2:      first_ration, minmay_small_reverse_x

Skill      XL: |  1  2  3 |
---------------+----------+-----
Fire Magic     | 3 |  3.3
Conjurations   | 2 |  2.2
Dodging        | |  1.7
Stealth        | |  1.7
Spellcasting   | |  2.7

Action                   || total
-------------------------++-------
Melee: Unarmed           ||     6
       Whip              ||    24
       Kick              ||     5
 Cast: Flame Tongue      ||    27
  Use: Potion            ||     2
 Stab: Sleeping          ||     2
  Eat: Chunk             ||     2
Armor: Robe              ||     6
Dodge: Dodged            ||    28

Table legend:
 A = Non-vault XP
 B = Vault XP
 C = Vault XP percentage of total XP
 D = Non-vault monster count
 E = Vault monster count
 F = Vault count percentage of total count
                 A         B        C        D         E       F
            +---------+---------+-------+---------+---------+-------
      Total |      82 |       3 |   3.5 |      24 |       2 |   7.7
            +---------+---------+-------+---------+---------+-------
        D:1 |      27 |       3 |  10.0 |      16 |       2 |  11.1
        D:2 |      55 |       0 |   0.0 |       8 |       0 |   0.0
            +---------+---------+-------+---------+---------+-------
